Workbook

Sheet Start Here
D4: LET'S CREATE A BUDGET
D7: STEP 1
D8: Input your Turnover for last year | E8: Turnover (NET) | F8: 115000
D10: STEP 2
D11: Input your Gross Margin for last year | E11: Gross Margin % | F11: 0.225
D13: STEP 3
D14: Input your current Stock Turn (leave as 1.9 if you do not know) | E14: Stock Turn | F14: 2
D16: STEP 4
D17: Below should roughly be how much stock, on average, you hold | E17: Stock holding | F17: =F8*(1-F11)/F14 -> 44562.5
D19: Note:
D20: If the Stock Turn is no where near your stock holding, you may want to adjust the Stock Turn figure.
D21: Make the Stock Turn higher to reduce the stock holding.
D22: Make the Stock Turn lower to increase the stock holding.
E26: =IF(F17>0,"NOW WE ARE READY TO BUDGET","") -> NOW WE ARE READY TO BUDGET

Sheet Budget
D4: WANT TO GROW YOUR BUSINESS?
D6: See what you would have to do per month to grow… | I6: Current Summary
D8: I want to increase my Turnover to…. | F8: I also want to increase my Margin to…. | I8: Turnover (NET) | J8: ='Start Here'!F8 -> 115000
D9: 125000 | F9: 0.31 | I9: Gross Margin % | J9: ='Start Here'!F11 -> 0.225
I10: Profit | J10: =J8*J9 -> 25875
D11: This would increase your profit from: | F11: This would increase your profit from: | I11: Cost of Sales | J11: =J8*(1-J9) -> 89125
D12: =J10 -> 25875 | F12: =J10 -> 25875 | I12: Stock Turn | J12: ='Start Here'!F14 -> 2
D13: to | F13: to | I13: Stock holding | J13: =J11/J12 -> 44562.5
D14: =D9*J9 -> 28125 | F14: =D9*F9 -> 38750
E17: % of Annual Sales | F17: Monthly Target | G17: Weekly Target | H17: Daily Target | I17: Actual
D18: January | E18: 0.05 | F18: =Sheet4!D36 -> 6250 | G18: =SUM(F18*12)/52 -> 1442.3077 | H18: =Sheet4!$D$39 -> 201.6129
D19: February | E19: 0.06 | F19: =Sheet4!E36 -> 7500 | G19: =SUM(F19*12)/52 -> 1730.7692 | H19: =Sheet4!$E$39 -> 267.85714
D20: March | E20: 0.06 | F20: =Sheet4!F36 -> 7500 | G20: =SUM(F20*12)/52 -> 1730.7692 | H20: =Sheet4!$F$39 -> 241.93548
D21: April | E21: 0.1 | F21: =Sheet4!G36 -> 12500 | G21: =SUM(F21*12)/52 -> 2884.6154 | H21: =Sheet4!$G$39 -> 416.66667
D22: May | E22: 0.12 | F22: =Sheet4!H36 -> 15000 | G22: =SUM(F22*12)/52 -> 3461.5385 | H22: =Sheet4!$H$39 -> 483.87097
D23: June | E23: 0.11 | F23: =Sheet4!I36 -> 13750 | G23: =SUM(F23*12)/52 -> 3173.0769 | H23: =Sheet4!$I$39 -> 458.33333
D24: July | E24: 0.1 | F24: =Sheet4!J36 -> 12500 | G24: =SUM(F24*12)/52 -> 2884.6154 | H24: =Sheet4!$J$39 -> 403.22581
D25: August | E25: 0.1 | F25: =Sheet4!K36 -> 12500 | G25: =SUM(F25*12)/52 -> 2884.6154 | H25: =Sheet4!$K$39 -> 403.22581
D26: September | E26: 0.08 | F26: =Sheet4!L36 -> 10000 | G26: =SUM(F26*12)/52 -> 2307.6923 | H26: =Sheet4!$L$39 -> 333.33333
D27: October | E27: 0.08 | F27: =Sheet4!M36 -> 10000 | G27: =SUM(F27*12)/52 -> 2307.6923 | H27: =Sheet4!$M$39 -> 322.58065
D28: November | E28: 0.08 | F28: =Sheet4!N36 -> 10000 | G28: =SUM(F28*12)/52 -> 2307.6923 | H28: =Sheet4!$N$39 -> 333.33333
D29: December | E29: 0.06 | F29: =Sheet4!O36 -> 7500 | G29: =SUM(F29*12)/52 -> 1730.7692 | H29: =Sheet4!$O$39 -> 241.93548
E30: =SUM(E18:E29) -> 1

Sheet Future Growth
D4: WANT TO GROW YOUR BUSINESS?
D6: See what you would have to do per month to grow… | H6: Current Summary
D8: I want to increase my Turnover to…. | H8: Turnover (NET) | I8: ='Start Here'!F8 -> 115000
D9: 200000 | H9: Gross Margin % | I9: ='Start Here'!F11 -> 0.225
H10: Profit | I10: =I8*I9 -> 25875
D11: This would increase your profit from | H11: Cost of Sales | I11: =I8*(1-I9) -> 89125
D12: =I10 -> 25875 | H12: Stock Turn | I12: ='Start Here'!F14 -> 2
D13: to | H13: Stock holding | I13: =I11/I12 -> 44562.5
H14: Avg Daily Transactions | I14: 22
H15: Avg Transaction Value | I15: 20
D16: =D9*I9 -> 45000
D17: Difference: | E17: =D16-D12 -> 19125
D19: Action | F19: Change | H19: Result | J19: Benefit *
D21: Increase shop turnover by | F21: 0.1 | H21: =I8*(1+F21) -> 126500 | J21: =(H21-I8)*I9 -> 2587.5
D23: Increase margin to | E23: 0.31 | F23: =(E23/I9)-1 -> 0.37777778 | H23: =SUM(F23*I8)+I8 -> 158444.44 | J23: =SUM(H23-I8)*I9 -> 9775
D26: Add extra value to every 5th basket (average price of a glove) | F26: 2 | H26: =(I14+F26)*(I14/5*F37)-((I14)*(I14/5*F37)) -> 3194.4 | J26: =H26*I9 -> 718.74
D28: if you did all of this it would equal | J28: =SUM(J21:J26) -> 13081.24
D30: Increase stock turn to | F30: 3.5 | H30: =I8*(1-I9)/F30 -> 25464.286 | J30: =I13-H30 -> 19098.214
E37: Days open: | F37: 363

Sheet Sheet4
A1: ANNUAL BUDGET TEMPLATE
B3: Years figures
A4: Turnover (NET) | B4: =Budget!D9 -> 125000 | K4: Notes: Monthly splits and category mix based on an average on course retailer. Sales values are a guide based on total monthly sales split. Each category will have its own monthly split that will produce a slightly differenct monthly figure.
A5: Gross Margin % | B5: ='Start Here'!F11 -> 0.225
A6: Gross Margin value | B6: =B4*B5 -> 28125
A7: Cost of sales | B7: =B4*(1-B5) -> 96875
A9: Stock Turn | B9: ='Start Here'!F14 -> 2
A11: Stock holding | B11: =B7/B9 -> 48437.5
D14: Monthly category sales budgets
B15: Sales Mix (this is 2017's average) - You can change it | D15: January | E15: February | F15: March | G15: April | H15: May | I15: June | J15: July | K15: August | L15: September | M15: October | N15: November | O15: December
A16: Accessories | B16: 0.08 | C16: =$B$4*B16 -> 10000 | D16: =D$38*$C16 -> 500 | E16: =E$38*$C16 -> 600 | F16: =F$38*$C16 -> 600 | G16: =G$38*$C16 -> 1000 | H16: =H$38*$C16 -> 1200 | I16: =I$38*$C16 -> 1100 | J16: =J$38*$C16 -> 1000 | K16: =K$38*$C16 -> 1000 | ... O16: =O$38*$C16 -> 600
A17: Bags | B17: 0.054 | C17: =$B$4*B17 -> 6750 | D17: =D$38*$C17 -> 337.5 | E17: =E$38*$C17 -> 405 | F17: =F$38*$C17 -> 405 | G17: =G$38*$C17 -> 675 | H17: =H$38*$C17 -> 810 | I17: =I$38*$C17 -> 742.5 | J17: =J$38*$C17 -> 675 | K17: =K$38*$C17 -> 675 | ... O17: =O$38*$C17 -> 405
A18: Balls | B18: 0.089 | C18: =$B$4*B18 -> 11125 | D18: =D$38*$C18 -> 556.25 | E18: =E$38*$C18 -> 667.5 | F18: =F$38*$C18 -> 667.5 | G18: =G$38*$C18 -> 1112.5 | H18: =H$38*$C18 -> 1335 | I18: =I$38*$C18 -> 1223.75 | J18: =J$38*$C18 -> 1112.5 | K18: =K$38*$C18 -> 1112.5 | ... O18: =O$38*$C18 -> 667.5
A19: Distance Device | B19: 0.01 | C19: =$B$4*B19 -> 1250 | D19: =D$38*$C19 -> 62.5 | E19: =E$38*$C19 -> 75 | F19: =F$38*$C19 -> 75 | G19: =G$38*$C19 -> 125 | H19: =H$38*$C19 -> 150 | I19: =I$38*$C19 -> 137.5 | J19: =J$38*$C19 -> 125 | K19: =K$38*$C19 -> 125 | ... O19: =O$38*$C19 -> 75
A20: Food and Drink | B20: 0.038 | C20: =$B$4*B20 -> 4750 | D20: =D$38*$C20 -> 237.5 | E20: =E$38*$C20 -> 285 | F20: =F$38*$C20 -> 285 | G20: =G$38*$C20 -> 475 | H20: =H$38*$C20 -> 570 | I20: =I$38*$C20 -> 522.5 | J20: =J$38*$C20 -> 475 | K20: =K$38*$C20 -> 475 | ... O20: =O$38*$C20 -> 285
A21: Gloves | B21: 0.035 | C21: =$B$4*B21 -> 4375 | D21: =D$38*$C21 -> 218.75 | E21: =E$38*$C21 -> 262.5 | F21: =F$38*$C21 -> 262.5 | G21: =G$38*$C21 -> 437.5 | H21: =H$38*$C21 -> 525 | I21: =I$38*$C21 -> 481.25 | J21: =J$38*$C21 -> 437.5 | K21: =K$38*$C21 -> 437.5 | ... O21: =O$38*$C21 -> 262.5
A22: Irons | B22: 0.13 | C22: =$B$4*B22 -> 16250 | D22: =D$38*$C22 -> 812.5 | E22: =E$38*$C22 -> 975 | F22: =F$38*$C22 -> 975 | G22: =G$38*$C22 -> 1625 | H22: =H$38*$C22 -> 1950 | I22: =I$38*$C22 -> 1787.5 | J22: =J$38*$C22 -> 1625 | K22: =K$38*$C22 -> 1625 | ... O22: =O$38*$C22 -> 975
A23: Putters | B23: 0.032 | C23: =$B$4*B23 -> 4000 | D23: =D$38*$C23 -> 200 | E23: =E$38*$C23 -> 240 | F23: =F$38*$C23 -> 240 | G23: =G$38*$C23 -> 400 | H23: =H$38*$C23 -> 480 | I23: =I$38*$C23 -> 440 | J23: =J$38*$C23 -> 400 | K23: =K$38*$C23 -> 400 | ... O23: =O$38*$C23 -> 240
A24: Shoes | B24: 0.085 | C24: =$B$4*B24 -> 10625 | D24: =D$38*$C24 -> 531.25 | E24: =E$38*$C24 -> 637.5 | F24: =F$38*$C24 -> 637.5 | G24: =G$38*$C24 -> 1062.5 | H24: =H$38*$C24 -> 1275 | I24: =I$38*$C24 -> 1168.75 | J24: =J$38*$C24 -> 1062.5 | K24: =K$38*$C24 -> 1062.5 | ... O24: =O$38*$C24 -> 637.5
A25: Trolleys | B25: 0.05 | C25: =$B$4*B25 -> 6250 | D25: =D$38*$C25 -> 312.5 | E25: =E$38*$C25 -> 375 | F25: =F$38*$C25 -> 375 | G25: =G$38*$C25 -> 625 | H25: =H$38*$C25 -> 750 | I25: =I$38*$C25 -> 687.5 | J25: =J$38*$C25 -> 625 | K25: =K$38*$C25 -> 625 | ... O25: =O$38*$C25 -> 375
A26: Wedges | B26: 0.031 | C26: =$B$4*B26 -> 3875 | D26: =D$38*$C26 -> 193.75 | E26: =E$38*$C26 -> 232.5 | F26: =F$38*$C26 -> 232.5 | G26: =G$38*$C26 -> 387.5 | H26: =H$38*$C26 -> 465 | I26: =I$38*$C26 -> 426.25 | J26: =J$38*$C26 -> 387.5 | K26: =K$38*$C26 -> 387.5 | ... O26: =O$38*$C26 -> 232.5
A27: Woods | B27: 0.14 | C27: =$B$4*B27 -> 17500 | D27: =D$38*$C27 -> 875 | E27: =E$38*$C27 -> 1050 | F27: =F$38*$C27 -> 1050 | G27: =G$38*$C27 -> 1750 | H27: =H$38*$C27 -> 2100 | I27: =I$38*$C27 -> 1925 | J27: =J$38*$C27 -> 1750 | K27: =K$38*$C27 -> 1750 | ... O27: =O$38*$C27 -> 1050
... A35: Tops Women | B35: 0.01 | C35: =$B$4*B35 -> 1250 | D35: =D$38*$C35 -> 62.5 | E35: =E$38*$C35 -> 75 | F35: =F$38*$C35 -> 75 | G35: =G$38*$C35 -> 125 | H35: =H$38*$C35 -> 150 | I35: =I$38*$C35 -> 137.5 | J35: =J$38*$C35 -> 125 | K35: =K$38*$C35 -> 125 | ... O35: =O$38*$C35 -> 75
B36: =SUM(B16:B35) -> 1 | C36: =SUM(C16:C35) -> 125000 | D36: =SUM(D16:D35) -> 6250 | E36: =SUM(E16:E35) -> 7500 | F36: =SUM(F16:F35) -> 7500 | G36: =SUM(G16:G35) -> 12500 | H36: =SUM(H16:H35) -> 15000 | I36: =SUM(I16:I35) -> 13750 | ... O36: =SUM(O16:O35) -> 7500
A38: Monthly sales % (this is 2017's average) - You can change | D38: =Budget!E18 -> 0.05 | E38: =Budget!E19 -> 0.06 | F38: =Budget!E20 -> 0.06 | G38: =Budget!E21 -> 0.1 | H38: =Budget!E22 -> 0.12 | I38: =Budget!E23 -> 0.11 | J38: =Budget!E24 -> 0.1 | K38: =Budget!E25 -> 0.1 | L38: =Budget!E26 -> 0.08 | M38: =Budget!E27 -> 0.08 | N38: =Budget!E28 -> 0.08 | O38: =Budget!E29 -> 0.06
A39: Daily sales target | D39: =D36/31 -> 201.6129 | E39: =E36/28 -> 267.85714 | F39: =F36/31 -> 241.93548 | G39: =G36/30 -> 416.66667 | H39: =H36/31 -> 483.87097 | I39: =I36/30 -> 458.33333 | J39: =J36/31 -> 403.22581 | K39: =K36/31 -> 403.22581 | L39: =L36/30 -> 333.33333 | M39: =M36/31 -> 322.58065 | N39: =N36/30 -> 333.33333 | O39: =O36/31 -> 241.93548
